 Dungeon Crawl Stone Soup version 0.15-a0-2374-gaadabb3 (webtiles) character file.

3823 PolkaDot the Bewitcher (level 9, -9/57 HPs)
             Began as a Vampire Enchanter on Aug 1, 2014.
             Was an Initiate of Gozag.
             Mangled by a fire bat (18 damage)
             ... on Level 8 of the Dungeon.
             The game lasted 00:29:35 (7430 turns).

PolkaDot the Bewitcher (Vampire Enchanter)          Turns: 7430, Time: 00:29:37

HP  -9/57        AC  5     Str  7      XL: 9   Next: 97%
MP   7/14        EV 12     Int 20      God: Gozag
Gold 111         SH  0     Dex 14      Spells:  4 memorised,  2 levels left

rFire  x . .     SeeInvis +     v - +2 dagger (elec)
rCold  + + +     Clarity  .     b - +1 robe
rNeg   + + +     rCorr    .     (no shield)
rPois  +         rRot     +     (no helmet)
rElec  .         Spirit   .     j - +0 cloak
SustAb .         Warding  .     s - +0 pair of gloves
rMut   .         Stasis   .     (no boots)
Gourm  .                        a - amulet of faith
MR     .....                    t - ring of ice
                                r - ring of protection from cold

@: bloodless, non-regenerating, not resistant to hostile enchantments, extremely
stealthy
A: bottle blood, fangs 3, see invisible, unbreathing
a: Bat Form, Bottle Blood, Potion Petition, Call Merchant, Bribe Branch,
Renounce Religion


You were on level 8 of the Dungeon.
You worshipped Gozag.
Gozag was noncommittal.
You were bloodless.

You visited 1 branch of the dungeon, and saw 8 of its levels.

You collected 943 gold pieces.
You spent 750 gold pieces at shops.
You paid 82 gold pieces to Gozag.

Inventory:

Hand weapons
 v - a +2 dagger of electrocution (weapon)
Missiles
 w - a throwing net (quivered)
Armour
 b - a +1 robe (worn)
 j - a +0 cloak (worn)
 s - a +0 pair of gloves (worn)
Scrolls
 d - 2 scrolls of teleportation
 k - 2 scrolls of enchant weapon
 n - a scroll of blinking
 o - a scroll of amnesia
 p - 2 scrolls of remove curse
 y - a scroll of fog {unknown}
Jewellery
 a - an amulet of faith (around neck)
 r - a ring of protection from cold (left hand)
 t - a ring of ice (right hand)
Potions
 f - a potion of cancellation
 g - a potion of invisibility
 i - 2 potions of curing
 l - 2 potions of haste
 m - a potion of heal wounds
 u - 2 potions of restore abilities
 x - a potion of cure mutation {!q}
Books
 c - a book of Maledictions

   Spells                             Type                      Level
   *Corona                            Hexes                        1
   Sure Blade                         Hexes/Charms                 2
   *Ensorcelled Hibernation           Hexes/Ice                    2
   *Confuse                           Hexes                        3
   Dazzling Spray                     Conjuration/Hexes            3
   *Enslavement                       Hexes                        4
 e - a book of Enchantments

   Spells                             Type                      Level
   Tukima's Dance                     Hexes                        3
   Cause Fear                         Hexes                        4
   Silence                            Hexes/Air                    5
   Deflect Missiles                   Charms/Air                   6
   Haste                              Charms                       6
   Discord                            Hexes                        8


   Skills:
 - Level 3.4 Short Blades
 - Level 2.1 Dodging
 + Level 12.4 Stealth
 - Level 2.0 Spellcasting
 * Level 15.8 Hexes
 - Level 1.0 Ice Magic


You had 2 spell levels left.
You knew the following spells:

 Your Spells              Type           Power        Failure   Level  Hunger
a - Corona                Hex            ######.      1%          1    #......
c - Confuse               Hex            ######..     1%          3    ###....
d - Ensorcelled Hibernat  Hex/Ice        ######       1%          2    ##.....
e - Enslavement           Hex            ######..     1%          4    #####..


Dungeon Overview and Level Annotations

Branches:
Dungeon (8/15)             Temple (0/1) D:7
   Lair: D:8-11

Altars:
Gozag
Kikubaaqudgha
Makhleb
Qazlal
Sif Muna
Trog
Vehumet

Shops:
D:7 :


Innate Abilities, Weirdness & Mutations

You do not heal naturally.
You can bottle blood from corpses.
You have razor-sharp teeth.
You have supernaturally acute eyesight.
You can survive without breathing.


Message History

A megabat comes into view.
Casting: Ensorcelled Hibernation
Confirm with . or Enter, or press ? or * to list all spells.
Okay, then.
Drink which item? (? for menu, Esc to quit)
You feel much better.
The fire bat bites you but does no damage.
The fire bat bites you.
You are engulfed in flames!
The fire burns you terribly!
* * * LOW HITPOINT WARNING * * *
The kobold throws a stone.
The stone misses you.
Drink which item? (? for menu, Esc to quit)
You feel much better. The fire bat bites you.
You are engulfed in flames!
The fire burns you terribly!
* * * LOW HITPOINT WARNING * * *
The fire bat bites you.
* * * LOW HITPOINT WARNING * * *
You are engulfed in flames!!
The fire burns you terribly!
You die...
Your body crumbles into a pile of gold.

####...# ##...
##.## #..##
#####8.8# #....
##...##'## #.##.
.._$.#.# ####.
...##.## ##
#K##...##+# #
##b$......b## #
+#.@###+###..#+
##..###...###..##
####
##..##.......##..##
#..#
+....+..._...'....+
..##
##(.##.......##..##
.##
##..###...###.)##
.# +#..###'###..#+
## ##.........## #
#+##8.8##+#


You could see a fire bat, a megabat and a kobold.

Vanquished Creatures
  Pikel (D:4)
  Grinder (D:4)
  2 fire bats (D:8)
  2 hippogriffs (D:7)
  Edmund (D:6)
  2 orc warriors
  4 sky beasts
  2 phantoms
  An ice beast (D:6)
  3 ogres
  A centaur (D:4)
  A crocodile (D:7)
  Sigmund (D:6)
  A gnoll sergeant (D:6)
  3 scorpions
  6 wights
  A quasit (D:6)
  2 crimson imps
  A goliath beetle (D:7)
  3 hounds
  2 jellies (D:7)
  Crazy Yiuf (D:4)
  3 worker ants
  5 orc wizards
  A big kobold skeleton (D:7)
  An ogre zombie (D:5)
  A crocodile skeleton (D:6)
  A hound zombie (D:5)
  2 hound skeletons
  5 adders
  An orc zombie (D:7)
  A worker ant zombie (D:5)
  5 gnolls
  A giant mite (D:1)
  3 worms
  2 adder zombies (D:5)
  2 giant geckos
  2 oozes
  16 orcs
  A ball python (D:4)
  2 giant cockroaches
  10 hobgoblins
  5 jackals
  3 quokkas
  15 bats
  A giant gecko zombie (D:5)
  6 giant newts
  11 goblins
  A goblin skeleton (D:4)
  10 kobolds
  A quokka skeleton (D:8)
  A quokka zombie (D:7)
  12 rats
173 creatures vanquished.

Vanquished Creatures (collateral kills)
  A wight (D:8)
  An orc (D:6)
2 creatures vanquished.

Vanquished Creatures (others)
  A slave (D:4)
  An orc wizard (D:4)
  An orc (D:4)
  A gnoll skeleton (D:4)
4 creatures vanquished.

Grand Total: 179 creatures vanquished

Notes
Turn   | Place    | Note
--------------------------------------------------------------
     0 | D:1      | PolkaDot, the Vampire Enchanter, began the quest for the Orb.
     0 | D:1      | Reached XP level 1. HP: 13/13 MP: 3/3
   350 | D:1      | Reached XP level 2. HP: 19/19 MP: 4/4
   731 | D:1      | Learned a level 2 spell: Ensorcelled Hibernation
   774 | D:2      | Reached XP level 3. HP: 24/24 MP: 6/6
   780 | D:2      | Learned a level 3 spell: Confuse
  1162 | D:2      | Reached skill level 1 in Ice Magic
  2425 | D:3      | Found an ancient bone altar of Kikubaaqudgha.
  2425 | D:3      | Found a burning altar of Makhleb.
  2425 | D:3      | Found a stormy altar of Qazlal.
  2425 | D:3      | Found a bloodstained altar of Trog.
  2425 | D:3      | Found an opulent altar of Gozag.
  2443 | D:3      | Became a worshipper of Gozag Ym Sagoz the Greedy
  2477 | D:3      | Reached XP level 4. HP: 30/30 MP: 4/7
  2504 | D:3      | Reached skill level 5 in Hexes
  2513 | D:3      | Found a deep blue altar of Sif Muna.
  2809 | D:3      | Reached skill level 5 in Stealth
  3019 | D:3      | Identified Sif Muna's Reference Book on the Entourage
  3391 | D:4      | Reached skill level 6 in Hexes
  3396 | D:4      | Noticed a slave
  3398 | D:4      | Noticed Pikel
  3399 | D:4      | Noticed a slave
  3399 | D:4      | Noticed a slave
  3402 | D:4      | Noticed a slave
  3411 | D:4      | Killed Pikel
  3411 | D:4      | Reached skill level 7 in Stealth
  3411 | D:4      | Reached skill level 9 in Hexes
  3411 | D:4      | Reached XP level 5. HP: 16/35 MP: 0/9
  3411 | D:4      | Reached XP level 6. HP: 18/41 MP: 0/10
  3411 | D:4      | Reached XP level 7. HP: 20/46 MP: 0/12
  3813 | D:4      | Noticed Crazy Yiuf
  3819 | D:4      | Killed Crazy Yiuf
  3920 | D:4      | Killed a freed slave
  3989 | D:4      | Noticed Grinder
  4005 | D:4      | Noticed a centaur
  4017 | D:4      | Killed Grinder
  4017 | D:4      | Reached skill level 10 in Hexes
  4021 | D:4      | Killed a centaur
  4070 | D:4      | Reached XP level 8. HP: 31/52 MP: 1/13
  4129 | D:5      | Entered Level 5 of the Dungeon
  4174 | D:5      | Got a polished trident
  4175 | D:5      | Identified the +1 trident of Honearit {freeze, +Rage} (You found it on level 5 of the Dungeon)
  4241 | D:5      | Reached skill level 11 in Hexes
  4367 | D:5      | Learned a level 4 spell: Enslavement
  4691 | D:5      | Reached skill level 12 in Hexes
  4941 | D:6      | Noticed Sigmund
  4971 | D:6      | Killed Sigmund
  5075 | D:6      | Reached skill level 10 in Stealth
  5159 | D:6      | Reached skill level 13 in Hexes
  5415 | D:6      | Noticed Edmund
  5420 | D:6      | Killed Edmund
  5420 | D:6      | Reached XP level 9. HP: 57/57 MP: 14/14
  5768 | D:7      | Reached skill level 14 in Hexes
  6161 | D:7      | Reached skill level 15 in Hexes
  6306 | D:7      | Found Woakuuh's Book Shop.
  6687 | D:7      | Found a staircase to the Ecumenical Temple.
  6864 | D:7      | Bought a book of Enchantments for 750 gold pieces
  7367 | D:8      | Found a radiant altar of Vehumet.
  7415 | D:8      | Found a radiant altar of Vehumet.
  7430 | D:8      | Mangled by a fire bat

Action                   |  1- 3 |  4- 6 |  7- 9 || total
-------------------------+-------+-------+-------++-------
Melee: Dagger            |    98 |    27 |   236 ||   361
 Cast: Corona            |     6 |       |       ||     6
       Ensorcelled Hiber |    26 |     7 |    80 ||   113
       Confuse           |       |     7 |    21 ||    28
       Enslavement       |       |       |     3 ||     3
 Abil: End Transformatio |       |     1 |       ||     1
       Bat Form          |       |     1 |       ||     1
  Use: Scroll            |     6 |     1 |     7 ||    14
       Potion            |       |       |     7 ||     7
 Stab: Sleeping          |    24 |     9 |    78 ||   111
       Distracted        |     1 |       |     1 ||     2
       Confused          |       |     1 |    11 ||    12
